 Dungeon Crawl Stone Soup version 0.25-a0-258-g6d7e32a812 (webtiles) character file.

Game seed: 7489121258715010533, levelgen mode: deterministic

1465 Lanoc the Destroyer (level 9, -4/45 HPs)
             Began as a Kobold Conjurer on Dec 7, 2019.
             Was a Believer of Dithmenos.
             Slain by a slime creature (13 damage)
             ... on level 6 of the Dungeon.
             The game lasted 00:12:05 (5682 turns).

Lanoc the Destroyer (Kobold Conjurer)               Turns: 5682, Time: 00:12:05

Health: -4/45      AC:  3    Str:  5    XL:     9   Next: 5%
Magic:  14/21      EV: 20    Int: 20    God:    Dithmenos [**....]
Gold:   329        SH:  0    Dex: 18    Spells: 5/12 levels left

rFire    . . .     SeeInvis +   o - +3 hand axe of Qead {protect, MP+9 Dex+3 SInv}
rCold    . . .     Gourm    .   (shield restricted)
rNeg     . . .     Faith    .   a - +0 robe
rPois    .         Spirit   .   (no helmet)
rElec    .         Reflect  .   (no cloak)
rCorr    .         Harm     .   (no gloves)
MR       .....                  t - +0 pair of boots
Stlth    +++.......             (no amulet)
HPRegen  0.15/turn              (no ring)
MPRegen  0.17/turn              (no ring)

@: wreathed by umbra
A: small, carnivore
a: Shadow Step, Renounce Religion


You were on level 6 of the Dungeon.
You worshipped Dithmenos.
Dithmenos was pleased with you.
You were very full.

You visited 2 branches of the dungeon, and saw 7 of its levels.

You collected 329 gold pieces.

Inventory:

Hand Weapons
 o - the +3 hand axe of Qead (weapon) {protect, MP+9 Dex+3 SInv}
   (You found it on level 4 of the Dungeon)

   It grants its wielder temporary protection when it strikes (+7 to AC).
   It affects your dexterity (+3).
   It affects your magic capacity (+9).
   It lets you see invisible.
Missiles
 h - 12 poisoned darts (quivered)
 k - 29 bolts
Armour
 a - a +0 robe (worn)
 t - a +0 pair of boots (worn)
Wands
 m - a wand of acid (6)
 u - a wand of random effects (21)
Scrolls
 b - 4 scrolls of remove curse
 e - a scroll of amnesia
 i - 2 scrolls of magic mapping
 p - 4 scrolls of teleportation {unknown}
 q - a scroll of enchant weapon
 s - 3 scrolls of identify
 w - 2 scrolls of blinking {unknown}
 x - a scroll of enchant armour {unknown}
Potions
 d - a potion of cancellation {unknown}
 f - 2 potions of mutation {unknown}
 g - 3 potions of heal wounds
 j - 3 potions of might
 l - 2 potions of brilliance
 n - a potion of invisibility
 r - a potion of lignification {unknown}
 v - a potion of flight {unknown}
Comestibles
 c - 9 rations


   Skills:
 + Level 7.6 Dodging
 - Level 2.6 Stealth
 - Level 2.1 Spellcasting
 * Level 9.6 Conjurations


You had 5 spell levels left.
You knew the following spells:

 Your Spells              Type           Power        Failure   Level  Hunger
a - Magic Dart            Conj           ####         1%          1    #......
b - Searing Ray           Conj           #####.       1%          2    ##.....
c - Iskenderun's Mystic   Conj/Tloc      ###.....     22%         4    #####..

Your spell library contained the following spells:

 Spells                   Type           Power        Failure   Level  Hunger
 Dazzling Flash           Conj/Hex       ###...       6%          3    ###....
 Fulminant Prism          Conj/Hex       ###.......   22%         4    #####..


Dungeon Overview and Level Annotations

Branches:
Dungeon (6/15)             Temple (1/1) D:4

Altars:
Ashenzari
Dithmenos
Elyvilon
Fedhas
Gozag
Makhleb
Nemelex Xobeh
Okawaru
Ru
Sif Muna
Wu Jian
Xom
Yredelemnul
Zin
The Shining One


Innate Abilities, Weirdness & Mutations

You are small and have problems with some larger weapons.
You are carnivorous and can eat meat at any time.


Message History

(Press . to maintain the ray.)
The searing ray hits the slime creature!
The slime creature is moderately wounded.
The searing ray hits the slime creature!
The slime creature is heavily wounded.
The slime creature hits you!
The searing ray hits the slime creature!
The slime creature is severely wounded.
You finish channeling your searing ray.
The slime creature hits you!!
* * * LOW HITPOINT WARNING * * *
Casting: Searing Ray (safe; 1% risk of failure)
Confirm with . or Enter, or press ? or * to list all spells.
Aiming: Searing Ray (safe; 1% risk of failure)
Press: ? - help, Shift-Dir - straight line, f/p - slime creature
Aim: a slime creature (severely wounded, umbra)
The searing ray hits the slime creature!
The slime creature is severely wounded. (Press . to maintain the ray.)
The slime creature hits you!
You die...

###########....#...
$P...P.P.##.#..#...
.....P.P÷##.#..#...
......J..##.#..#...
..÷.J....##.#..#...
.......P.##.#..####
.P...P÷..##....####
######### #######'#
#.#...... #8.8..8.#
##.@J...##
#.#..#### #._..._8#
#.########
#.#..#... #.......#
##..'....#
#.#..#.## ..[....8#
####....###....#.##
......_.#
#.......##.....#..#
.......8#
#.......##.#..##.##
#.......#
#.......##.#.......
#....._8#
#.......##...>##.##
#8)8..8.#
##.....###.......##


You could see a slime creature.

Vanquished Creatures
  A slime creature (D:6)
  Edmund (D:6)
  A water moccasin (D:6)
  An orc warrior (D:6)
  A necrophage (D:6)
  An ogre (D:3)
  A big kobold (D:6)
  2 scorpions
  A howler monkey (D:3)
  A crimson imp (D:5)
  2 hounds
  A quasit (D:6)
  6 jellies (D:6)
  An orc wizard (D:6)
  4 worker ants
  5 adders
  4 oozes
  2 adder skeletons
  3 worms
  2 dart slugs (D:1)
  8 leopard geckos
  16 orcs
  2 ball pythons
  A giant cockroach (D:4)
  8 goblins
  6 hobgoblins
  5 jackals
  9 bats
  5 frilled lizards
  A jackal skeleton (D:6)
  10 kobolds
  2 leopard gecko skeletons
  8 rats
122 creatures vanquished.

Vanquished Creatures (others)
  9 toadstools (D:6)
9 creatures vanquished.

Grand Total: 131 creatures vanquished

Notes
Turn   | Place    | Note
-------+----------+-------------------------------------------
     0 | D:1      | Lanoc the Kobold Conjurer began the quest for the Orb.
     0 | D:1      | Reached XP level 1. HP: 10/10 MP: 3/3
    43 | D:1      | Reached XP level 2. HP: 9/15 MP: 0/5
   436 | D:1      | Learned a level 2 spell: Searing Ray
   454 | D:1      | Reached XP level 3. HP: 19/19 MP: 0/6
  1338 | D:2      | Found a shadowy altar of Dithmenos.
  1345 | D:2      | Became a worshipper of Dithmenos the Shadowed
  1490 | D:2      | Reached XP level 4. HP: 24/24 MP: 4/7
  1496 | D:2      | Learned a level 4 spell: Iskenderun's Mystic Blast
  1548 | D:2      | Reached skill level 5 in Conjurations
  1653 | D:2      | Found a sacrificial altar of Ru.
  1733 | D:2      | Found a glowing silver altar of Zin.
  2090 | D:2      | Reached * piety under Dithmenos
  2284 | D:3      | Reached XP level 5. HP: 27/28 MP: 0/8
  2604 | D:3      | Noticed an ogre
  2611 | D:3      | Killed an ogre
  2611 | D:3      | Reached skill level 6 in Conjurations
  2611 | D:3      | Reached XP level 6. HP: 32/32 MP: 3/9
  2980 | D:4      | Got a dazzling hand axe
  2981 | D:4      | Identified the +3 hand axe of Qead {protect, MP+9 Dex+3
                  | SInv} (You found it on level 4 of the Dungeon)
  3106 | D:4      | Reached skill level 5 in Dodging
  3185 | D:4      | Found an iron altar of Okawaru.
  3603 | D:4      | Reached ** piety under Dithmenos
  3603 | D:4      | Reached XP level 7. HP: 36/36 MP: 10/10
  3613 | D:4      | Found a staircase to the Ecumenical Temple.
  3626 | Temple   | Entered the Ecumenical Temple
  3650 | D:4      | Found a blossoming altar of Fedhas.
  3860 | D:5      | Entered Level 5 of the Dungeon
  4040 | D:5      | Reached skill level 7 in Conjurations
  4431 | D:6      | Noticed a water moccasin
  4436 | D:6      | Killed a water moccasin
  4515 | D:6      | Reached XP level 8. HP: 41/41 MP: 11/11
  4565 | D:6      | Reached skill level 8 in Conjurations
  4894 | D:6      | Found a sparkling altar of Nemelex Xobeh.
  5071 | D:6      | Noticed Edmund
  5127 | D:6      | Killed Edmund
  5240 | D:6      | Found a shadowy altar of Dithmenos.
  5242 | D:6      | Found a hazy altar of Hepliaklqana.
  5242 | D:6      | Found a sparkling altar of Nemelex Xobeh.
  5245 | D:6      | Found a burning altar of Makhleb.
  5245 | D:6      | Found a sparkling altar of Nemelex Xobeh.
  5245 | D:6      | Found a shimmering altar of Xom.
  5415 | D:6      | Noticed a slime creature
  5429 | D:6      | Killed a slime creature
  5429 | D:6      | Reached skill level 9 in Conjurations
  5550 | D:6      | Noticed a slime creature
  5562 | D:6      | Reached XP level 9. HP: 45/45 MP: 12/12
  5682 | D:6      | Slain by a slime creature

Levels and vault maps discovered:
D:1:      erik_arrival_gehennom, layout_loops_ring,
          chequers_serial_rivers_room_b
D:2:      layout_basic, nicolae_overflow_hidden_temple, lemuel_crystal_altar,
          zin_statuary, minmay_pentomino_t2
D:3:      layout_basic
D:4:      wander_river, layout_basic, okawaru_trees_2, fedhas_altar_2,
          temple_fountains, first_ration
D:5:      layout_rooms, grunt_decor_resistance
D:6:      cheibrodos_fertilizer, layout_basic, lemuel_round_altar,
          kennysheep_mini_moat, doesnt_xom_only_xom, uniq_edmund
Temple:   nicolae_temple_x_marks_the_god

Skill      XL: |  1  2  3  4  5  6  7  8 |
---------------+-------------------------+-----
Dodging        | 3 4 5 6 7 |  7.6
Conjurations   | 5 6 7 9 |  9.6
Stealth        | |  2.6
Spellcasting   | |  2.1

Action                   |  1- 3 |  4- 6 |  7- 9 || total
-------------------------+-------+-------+-------++-------
Melee: Unarmed           |    45 |    65 |       ||   110
       Hand axe          |       |       |     5 ||     5
Throw: Dart              |       |       |     1 ||     1
 Cast: Magic Dart        |    62 |    88 |    64 ||   214
       Searing Ray       |       |    10 |    25 ||    35
  Use: Scroll            |       |       |     9 ||     9
  Eat: Chunk             |     8 |    11 |     7 ||    26
Armor: Robe              |     9 |     7 |     1 ||    17
Dodge: Dodged            |    40 |    82 |    35 ||   157

Table legend:
 A = Non-vault XP
 B = Vault XP
 C = Vault XP percentage of total XP
 D = Non-vault monster count
 E = Vault monster count
 F = Vault count percentage of total count
                 A         B        C        D         E       F
            +---------+---------+-------+---------+---------+-------
      Total |    1280 |     814 |  38.9 |     100 |      22 |  18.0
            +---------+---------+-------+---------+---------+-------
        D:1 |      38 |      17 |  30.9 |      22 |       5 |  18.5
        D:2 |      45 |      27 |  37.5 |      23 |       2 |   8.0
        D:3 |     221 |       0 |   0.0 |      20 |       0 |   0.0
        D:4 |     214 |       0 |   0.0 |      12 |       0 |   0.0
        D:5 |     132 |       0 |   0.0 |       4 |       0 |   0.0
        D:6 |     630 |     770 |  55.0 |      19 |      15 |  44.1
            +---------+---------+-------+---------+---------+-------
